 Dungeon Crawl Stone Soup version 0.30-a0-381-g6ea064c7b4 (webtiles) character file.

Game seed: 11512000728457642451

338 tio the Grave Robber (level 6, 0/42 HPs)
             Began as a Demonspawn Necromancer on Dec 2, 2022.
             Was an Initiate of Yredelemnul.
             Slain by Pikel
             ... wielding a +2 whip of flaming
              (5 damage)
             ... on level 5 of the Dungeon.
             The game lasted 00:22:47 (3355 turns).

tio the Grave Robber (Demonspawn Necromancer)       Turns: 3355, Time: 00:22:48

Health: 0/42       AC: 10    Str:  8    XL:     6   Next: 29%
Magic:  11/11      EV:  8    Int: 21    God:    Yredelemnul [......]
Gold:   215        SH:  0    Dex: 19    Spells: 11/12 levels left

rFire   + . .      SeeInvis .    c - +0 lajatang
rCold   + . .      Faith    .    (shield currently unavailable)
rNeg    . . .      Spirit   .    n - +0 scale mail
rPois   +          Reflect  .    (no helmet)
rElec   +          Harm     .    (no cloak)
rCorr   +          Rampage  .    (no gloves)
Will    .....                    (no boots)
Stlth   ..........               (no amulet)
HPRegen 0.27/turn                e - +4 ring of protection
MPRegen 0.12/turn                m - +6 ring of dexterity

@: confused, mighty, resistant
A: claws 2, ignite blood 1, big brain 1
a: Renounce Religion, Recall Undead Harvest


You were on level 5 of the Dungeon.
You worshipped Yredelemnul.
Yredelemnul was noncommittal.
You visited 2 branches of the dungeon, and saw 6 of its levels.

You collected 215 gold pieces.

Inventory:

Hand Weapons
 c - a +0 lajatang (weapon)
 q - a +2 hand axe
Armour
 n - a +0 scale mail (worn)
Jewellery
 e - a +4 ring of protection (left claw)
 m - a +6 ring of dexterity (right claw)
Wands
 p - a wand of roots (14)
Scrolls
 f - a scroll of fog {unknown}
 g - 2 scrolls of teleportation
 h - a scroll of immolation {unknown}
 k - a scroll of amnesia {unknown}
 l - a scroll of torment {unknown}
 s - a scroll of noise {unknown}
Potions
 a - 2 potions of curing {unknown}
 b - a potion of magic
 d - a potion of might
 j - 3 potions of attraction {unknown}
 o - a potion of lignification {unknown}
 r - a potion of flight {unknown}


   Skills:
 + Level 0.3 Fighting
 + Level 1.8 Staves
 + Level 1.5 Armour
 + Level 2.0 Dodging
 + Level 2.2 Stealth
 + Level 3.7 Spellcasting
 + Level 6.2 Necromancy


You had 11 spell levels left.
You knew the following spells:

 Your Spells              Type           Power      Damage    Failure   Level
a - Necrotise             Necr           100%       1d9       9%          1

Your spell library contained the following spells:

 Spells                   Type           Power      Damage    Failure   Level
 Vampiric Draining        Necr           30%        2d8       26%         3
 Beastly Appendage        Tmut           6%         N/A       75%         1
 Magic Dart               Conj           12%        1d3       75%         1
 Summon Small Mammal      Summ           12%        N/A       75%         1
 Call Imp                 Summ           3%         N/A       87%         2
 Ensorcelled Hibernation  Hex/Ice        6%         N/A       87%         2
 Passwall                 Tmut/Erth      2%         N/A       87%         2
 Agony                    Necr           30%        N/A       94%         5
 Call Canine Familiar     Summ           3%         N/A       98%         3
 Inner Flame              Hex/Fire       3%         N/A       98%         3
 Mephitic Cloud           Conj/Pois/Air  3%         N/A       98%         3
 Summon Guardian Golem    Hex/Summ       3%         N/A       98%         3
 Swiftness                Air            3%         N/A       98%         3
 Cause Fear               Hex            1%         N/A       100%        4
 Discord                  Hex            1%         N/A       100%        8
 Animate Dead             Necr           Unusable   N/A       N/A         4

Dungeon Overview and Level Annotations

Branches:
Dungeon (5/15)             Temple (1/1) D:4

Altars:
Ashenzari
Cheibriados
Dithmenos
Fedhas
Gozag
Hepliaklqana
Kikubaaqudgha
Makhleb
Nemelex Xobeh
Okawaru
Qazlal
Sif Muna
Trog
Uskayaw
Wu Jian
Xom
Yredelemnul

Shops:
D:1 :

Annotations:
D:5 Pikel
Temple 2 transporters


Innate Abilities, Weirdness & Mutations

You have very sharp fingernails.
Your demonic aura sometimes causes spilled blood to erupt in flames.
You have an unusually large brain. (Int +2)


Message History

Your will is overpowered!
You are more confused.
You're too confused to cast spells.
You're too confused to cast spells.
You're too confused to cast spells.
You are too confused!
You feel very mighty all of a sudden.
Pikel zaps a wand.
Your will is overpowered!
You are more confused.
You feel protected.
You're too confused to move!
Pikel hits you with a +2 whip of flaming!
Pikel burns you.
You miss Pikel.
Pikel hits you with a +2 whip of flaming.
You bump into the rock wall.
Pikel zaps a wand.
You resist with some effort.
Are you sure you want to stumble around while confused and next to your quokka zombie?
You miss Pikel.
Pikel hits you with a +2 whip of flaming!
Pikel burns you.
* * * LOW HITPOINT WARNING * * *
Pikel zaps a wand.
You resist with some effort.
You are too confused!
Are you sure you want to stumble around while confused and next to your quokka zombie?
You slash your quokka zombie!
You destroy your quokka zombie!
Pikel zaps a wand.
You resist with some effort.
Pikel zaps a wand.
You resist with some effort.
You see here a potion of resistance.
Pikel zaps a wand.
Your will is overpowered!
You are more confused.
You bump into the rock wall.
You bump into the rock wall.
Pikel hits you with a +2 whip of flaming.
* * * LOW HITPOINT WARNING * * *
Pikel burns you.
* * * LOW HITPOINT WARNING * * *
You bump into the rock wall.
Pikel hits you with a +2 whip of flaming.
You die...
Your body rises from the dead as a mindless zombie.

#### ##. #.. .#... # #.#
..... . # #@# ##...#### .
#.###K####.........# .
###...55.............# .
.........###..........##.
###.#.##.5.......:......#
# #. ##o######.>.##Z##. #
#.# #... #Z##. #.# #.#
#Z##Z #.# #.# #.##Z


You could see Pikel, 3 lemures and an orc.

Vanquished Creatures
  An ogre (D:5)
  A scorpion (D:4)
  Terence (D:3)
  2 adders
  7 gnolls
  2 white imps
  A worm (D:2)
  4 dart slugs
  7 orcs
  3 endoplasms
  5 goblins
  2 hobgoblins
  3 quokkas
  5 ball pythons
  6 bats
  3 frilled lizards
  5 kobolds
  A quokka zombie (D:5)
  5 rats
64 creatures vanquished.

Vanquished Creatures (collateral kills)
  A worm (D:2)
  An endoplasm (D:4)
  A ball python (D:1)
3 creatures vanquished.

Vanquished Creatures (others)
  An adder zombie (D:5)
  A ball python zombie (D:4)
  An endoplasm zombie (D:4)
  4 orc zombies (D:5)
  A quokka zombie (D:4)
8 creatures vanquished.

Grand Total: 75 creatures vanquished

Notes
Turn   | Place    | Note
-------+----------+-------------------------------------------
     0 | D:1      | tio the Demonspawn Necromancer began the quest for the Orb.
     0 | D:1      | Reached XP level 1. HP: 13/13 MP: 3/3
   119 | D:1      | Gained mutation: Your demonic aura sometimes causes spilled
                  | blood to erupt in flames. [demonic ancestry]
   119 | D:1      | Reached XP level 2. HP: 19/19 MP: 1/5
   240 | D:1      | Found Idwakaiw's Book Shoppe.
   547 | D:1      | You fall into a shaft and drop 1 floor!
   816 | D:2      | Reached skill level 5 in Necromancy
   816 | D:2      | Gained mutation: You have an unusually large brain. (Int
                  | +2) [demonic ancestry]
   816 | D:2      | Reached XP level 3. HP: 24/24 MP: 0/6
  1617 | D:3      | Found a hazy altar of Hepliaklqana.
  1617 | D:3      | Found a basalt altar of Yredelemnul.
  1625 | D:3      | Became a worshipper of Yredelemnul the Dark
  1781 | D:3      | Found a shimmering blue altar of Sif Muna.
  1792 | D:3      | Noticed Terence
  1942 | D:3      | Killed Terence
  1943 | D:3      | Reached XP level 4. HP: 21/30 MP: 2/8
  1995 | D:3      | Found a bloodstained altar of Trog.
  2005 | D:3      | Got Sif Muna's Anthology of Transfiguration
  2200 | D:4      | Noticed a scorpion
  2216 | D:4      | Killed a scorpion
  2217 | D:4      | Gained mutation: You have sharp fingernails. [demonic
                  | ancestry]
  2217 | D:4      | Reached XP level 5. HP: 27/35 MP: 9/9
  2601 | D:4      | Reached skill level 1 in Armour
  2636 | D:4      | Found a staircase to the Ecumenical Temple.
  2831 | Temple   | Entered the Ecumenical Temple
  2831 | Temple   | Found a transporter.
  2831 | Temple   | Found a transporter.
  2833 | Temple   | Found a transporter.
  2833 | Temple   | Found a transporter.
  2901 | D:5      | Entered Level 5 of the Dungeon
  2921 | D:5      | Noticed an ogre
  2928 | D:5      | Killed an ogre
  2929 | D:5      | Reached skill level 1 in Staves
  2929 | D:5      | Reached skill level 6 in Necromancy
  3013 | D:5      | Gained mutation: You have very sharp fingernails. [demonic
                  | ancestry]
  3013 | D:5      | Reached XP level 6. HP: 32/42 MP: 11/11
  3099 | D:5      | Found an opulent altar of Gozag.
  3220 | D:5      | Reached * piety under Yredelemnul
  3325 | D:5      | Noticed Pikel
  3355 | D:5      | Slain by Pikel

Illustrated notes

Levels and vault maps discovered:
D:1:      dpeg_arrival_tiny_i, layout_loops_cross, serial_shops, shop
D:2:      layout_basic, serial_glass, glass_columns_a, glass_columns_b,
          minmay_unequal
D:3:      layout_loops_ring, nzn_overflow_gifts_of_might_and_magic,
          gammafunk_temple_overflow_claw, uniq_terence
D:4:      kennysheep_six_static_rooms, layout_rooms,
          mainiacjoe_overflow_alcove_4, lemuel_temple_firewalk_a
D:5:      layout_loops_ring, mainiacjoe_overflow_tiny_flanked, uniq_sigmund,
          uniq_eustachio, uniq_pikel
Temple:   hellmonk_temple_divided_pantheon

Skill      XL: |  1  2  3  4  5 |
---------------+----------------+-----
Necromancy     | 5 6 |  6.2
Stealth        | 2 |  2.2
Spellcasting   | 3 |  3.7
Armour         | 1 |  1.5
Staves         | 1 |  1.8
Dodging        | 2 |  2.0
Fighting       | |  0.3

Action                   |  1- 3 |  4- 6 || total
-------------------------+-------+-------++-------
Melee: Lajatang          |    25 |    72 ||    97
 Cast: Necrotise         |    61 |    30 ||    91
  Use: Scroll            |     3 |     3 ||     6
       Potion            |       |     4 ||     4
 Stab: Sleeping          |     1 |       ||     1
Armor: Robe              |     3 |       ||     3
       Scale mail        |     5 |    42 ||    47
       Skin              |     1 |       ||     1
Dodge: Dodged            |    32 |    32 ||    64

Table legend: (Time is in decaauts)
 A = Elapsed time spent in this place.
 B = Non-inter-level travel time spent in this place.
 C = Inter-level travel time spent in this place.
 D = Time resting spent in this place.
 E = Time spent auto-exploring this place.
 F = Levels seen in this place.
 G = Mean time per level.
                   A        B        C        D        E       F      G
               +--------+--------+--------+--------+--------+-----+--------+
         Total |   3389 |   3093 |    296 |      0 |   2602 |   6 |  564.8 |
       Dungeon |   3362 |   3077 |    285 |      0 |   2596 |   5 |  672.4 |
        Temple |     26 |     15 |     11 |      0 |      6 |   1 |   26.0 |
               +--------+--------+--------+--------+--------+-----+--------+

Top non-repeatable levels by time:
     D:3: 865 daAuts
     D:2: 782 daAuts
     D:4: 683 daAuts
     D:1: 561 daAuts
     D:5: 470 daAuts
  Temple: 26 daAuts
